 Dungeon Crawl Stone Soup version 0.24.0-28-g17ded55e90 (webtiles) character file.

Game seed: 14735928383835152802, levelgen mode: deterministic

57 Delamore the Chopper (level 4, 0/39 HPs)
             Began as a Hill Orc Fighter on Nov 11, 2019.
             Slain by a hobgoblin
             ... wielding a +0 club
              (1 damage)
             ... on level 2 of the Dungeon.
             The game lasted 00:00:54 (418 turns).

Delamore the Chopper (Hill Orc Fighter)              Turns: 418, Time: 00:00:55

Health: 0/39       AC:  6    Str: 19    XL:     4   Next: 0%
Magic:  4/4        EV:  7    Int:  8    God:
Gold:   46         SH:  9    Dex: 10    Spells: 3/3 levels left

rFire    . . .     SeeInvis .   a - +0 war axe
rCold    . . .     Gourm    .   c - +0 shield
rNeg     . . .     Faith    .   b - +0 scale mail
rPois    .         Spirit   .   (no helmet)
rElec    .         Reflect  .   (no cloak)
rCorr    .         Harm     .   (no gloves)
MR       .....                  (no boots)
Stlth    ..........             (no amulet)
HPRegen  0.13/turn              (no ring)
MPRegen  0.09/turn              (no ring)

@: lethally poisoned (0 -> 0)
A: no striking features
a: no special abilities


You were on level 2 of the Dungeon.
You were not hungry.

You visited 1 branch of the dungeon, and saw 2 of its levels.

You collected 46 gold pieces.

Inventory:

Hand Weapons
 a - a +0 war axe (weapon)
Armour
 b - a +0 scale mail (worn)
 c - a +0 shield (worn)
Jewellery
 j - a cursed -3 ring of protection {unknown}
Scrolls
 e - a scroll of blinking {unknown}
 g - a scroll of amnesia {unknown}
 h - a scroll of identify {unknown}
Potions
 d - a potion of might
Comestibles
 f - a ration
 i - a chunk of flesh


   Skills:
 - Level 3.6 Fighting
 + Level 5.5 Axes
 - Level 3.2 Armour
 - Level 3.2 Shields


You had 3 spell levels left.
You didn't know any spells.
Your spell library was empty.

Dungeon Overview and Level Annotations

Branches:
Dungeon (1/15)

Altars:


Message History

The kobold throws a stone.
The stone hits you but does no damage.
You slash the kobold!
You kill the kobold!
You have reached level 4!
You feel sick. The bat hits you.
* * * LOW HITPOINT WARNING * * *
The bat hits you but does no damage.
A kobold comes into view. It is wielding a +0 flail.
You miss the bat.
The bat is heavily wounded.
The bat hits you but does no damage. The bat barely misses you.
You hit the hobgoblin but do no damage. You block the bat's attack.
The hobgoblin barely misses you.
You closely miss the hobgoblin. You barely miss the bat.
* * * LOW HITPOINT WARNING * * *
You feel sick. The bat hits you but does no damage.
The hobgoblin closely misses you. The bat barely misses you.
You closely miss the hobgoblin. You closely miss the bat.
You block the bat's attack. The hobgoblin hits you with a +0 club.
You die...

#......# ### #......# ...
#...)..###### # ##..
+.....(((.(.# #. ..#
#......####.# #.###.#
#......##....
...#.####......##.##.
.###.#.#†b(..........>...
./...Kbg@.##############.
.###.#.#..# ## ...#..# #
#.###.## # #. ..# # #
##.# ..# ..# #..


You could see a hobgoblin, 2 bats and a kobold.

Vanquished Creatures
  3 adders (D:2)
  An ooze (D:1)
  A dart slug (D:1)
  A leopard gecko (D:1)
  6 bats
  A giant cockroach (D:1)
  A goblin (D:2)
  5 hobgoblins
  3 kobolds
  A rat (D:2)
23 creatures vanquished.

Notes
Turn   | Place    | Note
-------+----------+-------------------------------------------
     0 | D:1      | Delamore the Hill Orc Fighter began the quest for the Orb.
     0 | D:1      | Reached XP level 1. HP: 19/19 MP: 1/1
    44 | D:1      | Reached skill level 3 in Axes
    71 | D:1      | Reached XP level 2. HP: 26/26 MP: 2/2
   130 | D:1      | Reached skill level 4 in Axes
   305 | D:1      | Reached XP level 3. HP: 29/31 MP: 3/3
   339 | D:1      | You fall into a shaft and drop 1 floor!
   398 | D:2      | Reached skill level 5 in Axes
   414 | D:2      | Reached XP level 4. HP: 4/39 MP: 4/4
   417 | D:2      | HP: 1/39 [poisoned by an adder]
   418 | D:2      | Slain by a hobgoblin

Levels and vault maps discovered:
D:1:      lemuel_arrival_broad_hall, layout_basic, minmay_pentomino_r2
D:2:      layout_basic, minmay_misc_feat_roman

Skill      XL: |  1  2  3 |
---------------+----------+-----
Axes           | 3 4 5 |  5.5
Fighting       | |  3.6
Armour         | |  3.2
Shields        | |  3.2

Action                   |  1- 3 |  4- 6 || total
-------------------------+-------+-------++-------
Melee: War axe           |    82 |     4 ||    86
Armor: Scale mail        |    66 |     3 ||    69
Dodge: Dodged            |    41 |     4 ||    45
Block: Shield            |    54 |     2 ||    56
